 Dungeon Crawl Stone Soup version 0.31-a0-83-gbff143cfd1 (webtiles) character file.

Game seed: 15148473728430137963

2 Esekla the Sneak (level 1, 0/16 HPs)
             Began as an Octopode Delver on May 24, 2023.
             Slain by Menkaure (4 damage)
             ... on level 5 of the Dungeon.
             The game lasted 00:00:38 (47 turns).

Esekla the Sneak (Octopode Delver)                    Turns: 47, Time: 00:00:38

Health: 0/16       AC:  1    Str: 11    XL:     1   Next: 40%
Magic:  1/1        EV: 13    Int: 12    God:
Gold:   20         SH:  0    Dex: 13    Spells: 0/0 levels left

rFire   . . .        a - +0 falchion
rCold   . . .        (no shield)
rNeg    . . .        (helmet restricted)
rPois   .            (no amulet)
rElec   .            (no ring)
rCorr   .            (no ring)
SInv    .            (no ring)
Will    .....        (no ring)
Stlth   ++++         (no ring)
HPRegen 0.22/turn    (no ring)
MPRegen 0.07/turn    (no ring)
                     (no ring)

%: no passive effects
@: hasted, very quick
A: almost no armour, amphibious, 8 rings, camouflage 1, gelatinous body 1,
(nimble swimmer 1), tentacles
a: no special abilities


You were on level 5 of the Dungeon.
You visited 1 branch of the dungeon, and saw 1 of its levels.

You collected 20 gold pieces.

Inventory:

Hand Weapons
 a - a +0 falchion (weapon)
Wands
 f - a wand of digging (3)
Scrolls
 b - a scroll of fog
 d - a scroll of fear
 g - a scroll of noise {unknown}
Potions
 c - a potion of degeneration {unknown}


   Skills:
 * Level 3.0 Fighting
 * Level 2.0 Long Blades
 * Level 2.0 Dodging
 + Level 6.6 Stealth


You couldn't memorise any spells.
You didn't know any spells.
Your spell library contained the following spells:

 Spells                   Type           Power      Damage    Failure   Level
 Kiss of Death            Conj/Necr      0%         2d5       32%         1
 Confusing Touch          Hex            0%         N/A       69%         3
 Dispel Undead            Necr           0%         3d6       97%         4


Dungeon Overview and Level Annotations

Branches:
Dungeon (5/15)
 Temple: D:4-7

Altars:

Annotations:
D:5 Menkaure


Innate Abilities, Weirdness & Mutations

You cannot wear most types of armour.
You are amphibious.
You can wear up to eight rings at the same time.
Your skin changes colour to match your surroundings (Stealth+).
Your rubbery body absorbs attacks. (AC +1, EV +1)
((You are camouflaged when in or above water. (Stealth+)))
You have tentacles for arms and can constrict up to eight enemies at once.


Message History

Welcome, Esekla the Octopode Delver.
The heart of this dungeon contains the fabulous artefact, the Orb of Zot.
Press ? for a list of commands and other information.
Found a stone staircase leading down.
Found 11 gold pieces.
You now have 11 gold pieces.
As you read the scroll of magic mapping, it crumbles to dust.
You feel aware of your surroundings.
You sensed 1 altar.
Found a black potion.
Found a scroll labelled XYJUONA VORIE.
A water moccasin comes into view.
c - a black potion
g - a scroll labelled XYJUONA VORIE
Found a book of Touch.
Found 9 gold pieces.
A dart slug comes into view.
Found a stone staircase leading up.
You see here 9 gold pieces.
You now have 20 gold pieces (gained 9).
The helpless dart slug fails to defend itself.
You hit the dart slug. You grab the dart slug.
The dart slug is severely wounded.
You constrict the dart slug. The dart slug barely misses you.
You hit the dart slug. You squeeze the dart slug.
You kill the dart slug!
Menkaure, Prince of Dust comes into view.
Menkaure shouts!
Menkaure casts a spell.
Menkaure seems to speed up.
Menkaure calls on the powers of darkness!
Your body is wracked with pain!
Menkaure gestures at you while chanting.
Pain shoots through your body!
* * * LOW HITPOINT WARNING * * *
You see here a book of Touch.
You pick up a book of Touch and begin reading...
You add the spells Kiss of Death, Confusing Touch and Dispel Undead to your library.
You feel yourself speed up. Menkaure hits you.
You die...

,.........# #....#.#..#,,,,,,,*,*
,.........# #........#**<,,,,,***
,.......#.# #.#....### ****,>,*
*####...#.# #.#.....###*,**,,,*
,,,....##.###.#...<...#.,,,,,,*
,*####.*#.....#..........*,*,***
,,,,,..,#######..........***,,,**
****#..............###...***,**,,
*,,,.....#.####.@M.# *,##**,,,,,,
*,,,#....### *######**,,* **,,,,,
*,,*#...#* *,,,,,,,,,,****,,,,*
**,*##.#*** *************,,,,,**
,*,**..,,,****,,,,,,,,,* *,,,,,,*
,,,,,,,,,,,,,,,*******,***,,,,*,,
,*,*,****,,,,,** **,,,,*,,,,****
,,,,,***,,,,,,,****,,,*****,*****
,*,*,**,,**,,,,,,,,,*,*****,,,,,*


You could see Menkaure (fast).

Vanquished Creatures
  A dart slug (D:5)
1 creature vanquished.

Notes
Turn   | Place    | Note
-------+----------+-------------------------------------------
     0 | D:5      | Esekla the Octopode Delver began the quest for the Orb.
     0 | D:5      | Reached XP level 1. HP: 16/16 MP: 1/1
    18 | D:5      | Noticed a water moccasin
    39 | D:5      | Noticed Menkaure
    47 | D:5      | Slain by Menkaure

Illustrated notes

Levels and vault maps discovered:
D:5:      layout_cave_pools, nicolae_overflow_crystal_walls,
          serial_co_window_serial, co_window_of_opportunity_a,
          co_window_paths_b, co_window_paths_b, co_window_corner_a,
          co_window_paths_b, co_window_paths_b, co_window_of_opportunity_b,
          co_window_broadway_a, co_window_2corner, co_window_of_opportunity_c,
          co_window_paths_e, glass_columns_b, glass_columns_b, glass_columns_a,
          glass_columns_b, uniq_menkaure, uniq_grinder, uniq_edmund

Action                     || total
---------------------------++-------
  Melee: Falchion          ||     2
         Constrict         ||     1
         Tentacles         ||     1
    Use: Scroll            ||     1
         Potion            ||     1
   Stab: Sleeping          ||     1
  Dodge: Dodged            ||     1

Table legend: (Time is in decaauts)
 A = Elapsed time spent in this place.
 B = Non-inter-level travel time spent in this place.
 C = Inter-level travel time spent in this place.
 D = Time resting spent in this place.
 E = Time spent auto-exploring this place.
 F = Levels seen in this place.
 G = Mean time per level.
                   A        B        C        D        E       F      G
               +--------+--------+--------+--------+--------+-----+--------+
         Total |     47 |     47 |      0 |      0 |      0 |   1 |   47.0 |
       Dungeon |     47 |     47 |      0 |      0 |      0 |   1 |   47.0 |
               +--------+--------+--------+--------+--------+-----+--------+

Top non-repeatable levels by time:
     D:5: 47 daAuts
